 Dungeon Crawl Stone Soup version 0.29.0-4-gdea44cf6ec (webtiles) character file.

Game seed: 2737995600616974621

103897 qw the Brawler (level 15, -9/140 HPs)
             Began as a Troll Cinder Acolyte on Sept 2, 2022.
             Was a High Priest of Okawaru.
             Mangled by a sun demon (10 damage)
             ... summoned by an orc high priest
             ... on level 2 of the Orcish Mines.
             The game lasted 00:16:51 (24008 turns).

qw the Brawler (Troll Cinder Acolyte)              Turns: 24008, Time: 00:16:51

Health: -9/140     AC: 10    Str: 32    XL:     15   Next: 90%
Magic:  17/21      EV:  9    Int: 10    God:    Okawaru [*****.]
Gold:   1257       SH: 24    Dex:  5    Spells: 16/16 levels left

rFire   . . .      SeeInvis +     - Unarmed
rCold   + . .      Faith    .   r - +0 tower shield
rNeg    . . .      Spirit   .   A - +0 troll leather armour
rPois   .          Reflect  +   (helmet restricted)
rElec   .          Harm     .   l - +2 cloak
rCorr   .          Rampage  .   (gloves unavailable)
Will    +....                   (boots unavailable)
Stlth   ++........              b - amulet of reflection
HPRegen 1.93/turn               j - ring of see invisible
MPRegen 0.17/turn               m - ring of protection from cold

@: about to teleport, heroic, finesse-ful
A: large, unfitting armour, claws 3, regeneration 1, shaggy fur 1, tough skin 1
a: Renounce Religion, Heroism, Finesse, Duel


You were on level 2 of the Orcish Mines.
You worshipped Okawaru.
Okawaru was extremely pleased with you.
You visited 4 branches of the dungeon, and saw 23 of its levels.
You visited the Abyss 1 time.
You also visited: Ossuary.

You collected 1900 gold pieces.
You spent 643 gold pieces at shops.


Innate Abilities, Weirdness & Mutations

You are too large for most types of armour.
You have claws for hands.
Your natural rate of healing is unusually fast.
You are covered in fur. (AC +1)
You have tough skin. (AC +1)


   Skills:
 - Level 7.0(12.0) Fighting
 - Level 7.1(12.1) Throwing
 - Level 2.1(7.1) Armour
 - Level 2.2(7.2) Dodging
 - Level 16.0(21.0) Shields
 + Level 17.2(22.2) Unarmed Combat
 - Level 1.0 Spellcasting
 - Level 2.1 Fire Magic
 - Level 10.0 Invocations


You had 16 spell levels left.
You didn't know any spells.
Your spell library contained the following spells:

 Spells                   Type           Power      Damage    Failure   Level
 Scorch                   Fire           8%         2d5       36%         2

Inventory:

Missiles
 q - a silver javelin
 w - 14 large rocks (quivered)
 y - 2 javelins
 B - 5 boomerangs
Armour
 i - the +1 cloak of the Snake Pit {rF- rN+ Str+3}
   (You acquired it on level 3 of the Lair of Beasts)

   Str:       It affects your strength (+3).
   rF:        It makes you vulnerable to fire.
   rN:        It protects you from negative energy.
 l - a +2 cloak (worn)
 o - a +2 robe of cold resistance
 r - a +0 tower shield (worn)
 A - a +0 troll leather armour (worn)
Jewellery
 b - an amulet of reflection (around neck)
 j - a ring of see invisible (left claw)
 m - a ring of protection from cold (right claw)
 n - a ring of resist corrosion
 s - a ring of protection from cold
 u - a ring of see invisible
 C - a ring of willpower
Scrolls
 a - 4 scrolls of brand weapon
 c - 2 scrolls of enchant weapon
 e - a scroll of teleportation
 k - 11 scrolls of identify
 x - 4 scrolls of enchant armour
Potions
 d - 8 potions of curing
 f - 6 potions of haste
 g - 2 potions of mutation
 h - a potion of might
 p - 2 potions of cancellation
 t - 4 potions of heal wounds
 v - a potion of magic
 z - a potion of resistance

Dungeon Overview and Level Annotations

Branches:
Dungeon (15/15)            Temple (1/1) D:7            Lair (5/5) D:8
  Swamp (0/4) Lair:3        Snake (0/4) Lair:3        Slime (0/5) Lair:5
    Orc (2/2) D:11            Elf (0/3) Orc:2        Vaults (0/5) D:13
 Depths (0/4) D:15        Ossuary (visited)

Altars:
Ashenzari
Cheibriados
Dithmenos
Elyvilon
Fedhas
Gozag
Hepliaklqana
Kikubaaqudgha
Makhleb
Nemelex Xobeh
Okawaru
Qazlal
Ru
Sif Muna
Trog
Uskayaw
Vehumet
Wu Jian
Xom
Yredelemnul
Zin
The Shining One
Jiyva
Lugonu

Shops:
D:2 [   D:3 (   D:7 *   Orc:1 *

Portals:
Abyss: Lair:5

Annotations:
D:2 1 runed translucent door, Crazy Yiuf
D:3 3 runed translucent doors, qw's ghost, amateur TrCA
D:13 2 runed translucent doors, Hacecig's ghost, journeyman MiBe
Lair:1 2 transporters
Lair:3 1 runed translucent door, qw's ghost, journeyman TrCA


Message History

You are no longer poisoned.
The orc high priest utters an invocation to Beogh.
23998 ||| INVOKING Finesse.
You can now deal lightning-fast blows.
An orc high priest comes into view. It is wielding a +0 battleaxe.
The orc high priest calls upon Beogh to heal the orc sorcerer.
The orc sorcerer is healed somewhat.
The orc high priest mumbles some strange prayers to Beogh against you.
You resist with significant effort.
You mangle the orc sorcerer!!
You kill the orc sorcerer!
Okawaru accepts your kill.
The ice devil disappears in a puff of smoke!
The orc high priest intones a terrible prayer.
Things that are here:
a +0 dagger; a +2 robe of resistance; an orc corpse
24002 ||| Stepping ~*~*~tactically~*~*~ (outnumbered).
The orc high priest invokes the aid of Beogh against you.
Beogh smites you! You block the sun demon's attack.
You mangle the smoke demon!!
The smoke demon is severely wounded.
You scratch the smoke demon but do no damage.
The smoke demon is severely wounded.
You block the sun demon's attack. You block the orc high priest's attack.
The smoke demon hits you.
The smoke demon hits you but does no damage.
The smoke demon hits you.
You eviscerate the smoke demon!!!
You kill the smoke demon!
The smoke demon disappears in a puff of smoke!
You scratch the sun demon but do no damage.
The sun demon hits you.
You are engulfed in flames!
24008 ||| READING 2 scrolls of teleportation.
As you read the scroll of teleportation, it crumbles to dust.
You feel strangely unstable.
The orc high priest calls down the wrath of Beogh upon you.
Beogh smites you! You block the orc high priest's attack.
You block the orange demon's attack. The sun demon hits you!!
You are engulfed in flames!
You die...

##.### #........)... ##..
#....#####........... ...
####.....#..#).......... ###..
##.#.$...))..)........... .#..o.o
#....(...)#..##..#.......
.#(.oo####.#.(..)##.#####........
...oooo.###(.)..¤....####........
o.4..oo3o.()).o¤................
.....oo44)....#3@..............
..........<...4o)...............
.....(.......##..................
.#..)...##......................>
#..#)#####......................
##....###...#.......#...........
#...)o.###.###.....#...#....#...
##))).## ####...................
##.### #.......#............


You could see 2 orc high priests, a sun demon (summoned) and an orange demon
(summoned).

Vanquished Creatures
  Rupert (Lair:4)
  A tentacled starspawn (Abyss:1)
  A tengu reaver (D:14)
  An orc warlord (Orc:2)
  A frost giant (D:14)
  A stone giant (D:15)
  An ettin (D:14)
  6 hydras
  2 boulder beetles
  Erolcha (D:13)
  Harold (Lair:1)
  2 ogre magi
  A catoblepas (D:13)
  5 centaur warriors
  5 two-headed ogres
  5 death yaks (Lair:5)
  5 tengu warriors
  A deep troll earth mage (D:14)
  4 thrashing horrors
  3 wretched stars (Abyss:1)
  Sonja (D:12)
  4 orc knights
  3 deep elf pyromancers
  3 orc sorcerers (Orc:2)
  17 ugly things
  3 manticores
  6 large abominations
  5 cyclopes
  An apocalypse crab (Abyss:1)
  A worldbinder (Abyss:1)
  9 black mambas
  19 elephants
  2 molten gargoyles (D:14)
  9 cane toads
  A smoke demon (Abyss:1)
  3 unseen horrors
  Psyche (D:9)
  2 rime drakes (shapeshifter) (Lair:5)
  4 rime drakes (Lair:4)
  A tormentor (Abyss:1)
  2 kobold demonologists
  An unseen horror zombie (D:8)
  3 efreet
  A freezing wraith (D:14)
  3 yaktaurs
  4 tengu conjurers
  6 komodo dragons
  4 ancient zymes
  3 starcursed masses (Abyss:1)
  9 trolls
  2 polar bears
  Grinder (D:3)
  46 blink frogs
  A hornet (D:9)
  4 raiju (Abyss:1)
  3 slime creatures (D:12)
  7 dream sheep (Lair:5)
  10 small abominations
  A jumping spider (shapeshifter) (D:14)
  2 centaur simulacra
  A culicivora (shapeshifter) (Lair:5)
  A vampire (D:12)
  13 yaks
  5 wyverns
  2 ynoxinuls (Lair:5)
  Grum (D:9)
  9 fire elementals
  2 steam dragons
  4 basilisks
  2 chaos spawn
  8 vampire mosquitoes
  2 wargs
  An acid dragon (D:14)
  12 water moccasins
  28 orc warriors
  A sky beast (D:7)
  A black bear (D:4)
  A swamp drake (D:11)
  17 wolves
  11 ogres
  20 centaurs
  A phantom (D:5)
  6 kobold brigands
  An elf zombie (Ossuary)
  6 bullfrogs
  2 necrophages
  A wyvern zombie (D:8)
  A scorpion (D:5)
  24 wights
  4 electric eels
  8 howler monkeys
  A crimson imp (D:6)
  4 centaur zombies
  5 hounds
  3 lava snakes
  5 jellies
  16 orc priests
  Jessica (D:2)
  A gnoll bouda (D:7)
  Natasha (thrice) (D:3)
  9 iguanas
  23 orc wizards
  Ijyb (D:3)
  A killer bee zombie (D:8)
  3 howler monkey zombies (D:8)
  2 mummies (Ossuary)
  3 gnolls (D:7)
  9 adders
  2 shadow imps
  A white imp (D:6)
  4 adder zombies (Ossuary)
  2 worms (D:2)
  2 dart slugs (D:2)
  71 orcs
  9 bats
  11 endoplasms
  4 giant cockroaches
  3 goblins
  3 hobgoblins
  12 jackals
  15 kobolds
  4 quokkas
  7 ball pythons
  4 frilled lizards
  2 goblin zombies (Ossuary)
  8 hobgoblin zombies (Ossuary)
  2 jackal zombies (Ossuary)
  9 kobold zombies (Ossuary)
  9 orc zombies (Ossuary)
  10 rats
  A starspawn tentacle (Abyss:1)
737 creatures vanquished.

Vanquished Creatures (others)
  A water moccasin (D:7)
  44 fungi
  73 plants
  3 starspawn tentacles (Abyss:1)
  2 withered plants (Lair:3)
123 creatures vanquished.

Grand Total: 860 creatures vanquished

Notes
Turn   | Place    | Note
-------+----------+-------------------------------------------
     0 | D:1      | qw the Troll Cinder Acolyte began the quest for the Orb.
     0 | D:1      | Reached XP level 1. HP: 22/22 MP: 1/1
     0 | D:1      | Noticed a tengu
     0 | D:1      | 0 ||| qw: Version: 0.1-a-100-g36b9a1f
     0 | D:1      | 0 ||| qw: Game counter: 5022
     0 | D:1      | 0 ||| qw: Always use a shield: true
     0 | D:1      | 0 ||| qw: God list: Okawaru
     0 | D:1      | 0 ||| qw: Allow faded altars: false
     0 | D:1      | 0 ||| qw: Do Orc after D:15 true
     0 | D:1      | 0 ||| qw: Do second Lair branch before Depths: true
     0 | D:1      | 0 ||| qw: Lair rune preference: random
     0 | D:1      | 0 ||| qw: Plans: Normal
     0 | D:1      | 0 ||| PLANNING D:1-11
     1 | D:1      | Noticed a spriggan
     6 | D:1      | Noticed an ogre
     8 | D:1      | Noticed a merfolk
     9 | D:1      | Noticed a human
    11 | D:1      | Noticed a dwarf
    13 | D:1      | Noticed a human
    13 | D:1      | Noticed a demigod
    15 | D:1      | Noticed an ogre
    15 | D:1      | Noticed a spriggan
    17 | D:1      | Noticed a felid
    19 | D:1      | Noticed a spriggan
    23 | D:1      | Noticed a ghoul
    40 | D:1      | 40 ||| Stepping ~*~*~tactically~*~*~ (stealth).
    85 | D:1      | 85 ||| Stepping ~*~*~tactically~*~*~ (stealth).
    97 | D:1      | Reached XP level 2. HP: 29/29 MP: 2/2
   103 | D:1      | 103 ||| Stepping ~*~*~tactically~*~*~ (stealth).
   108 | D:1      | 108 ||| Stepping ~*~*~tactically~*~*~ (stealth).
   115 | D:1      | Found a faded altar of an unknown god.
   325 | D:1      | Reached skill level 4 in Unarmed Combat
   610 | D:1      | 610 ||| Stepping ~*~*~tactically~*~*~ (stealth).
   615 | D:1      | 615 ||| Stepping ~*~*~tactically~*~*~ (outnumbered).
   620 | D:1      | Reached XP level 3. HP: 36/36 MP: 3/3
   622 | D:1      | 622 ||| Stepping ~*~*~tactically~*~*~ (outnumbered).
   635 | D:1      | 635 ||| Stepping ~*~*~tactically~*~*~ (stealth).
   642 | D:1      | 642 ||| Stepping ~*~*~tactically~*~*~ (stealth).
   719 | D:1      | 719 ||| Stepping ~*~*~tactically~*~*~ (stealth).
   762 | D:1      | 762 ||| UPGRADING to amulet of reflection.
   767 | D:1      | 767 ||| READING scroll labelled RAURPH ZERU.
   768 | D:1      | 768 ||| READING scroll labelled MEOTRU NOANE.
  1042 | D:2      | 1042 ||| Stepping ~*~*~tactically~*~*~ (stealth).
  1047 | D:2      | Reached XP level 4. HP: 44/44 MP: 4/4
  1076 | D:2      | 1076 ||| Stepping ~*~*~tactically~*~*~ (stealth).
  1078 | D:2      | Reached skill level 5 in Unarmed Combat
  1093 | D:2      | 1093 ||| Stepping ~*~*~tactically~*~*~ (stealth).
  1097 | D:2      | Noticed Jessica
  1098 | D:2      | 1098 ||| Stepping ~*~*~tactically~*~*~ (stealth).
  1117 | D:2      | 1117 ||| Stepping ~*~*~tactically~*~*~ (stealth).
  1120 | D:2      | Killed Jessica
  1196 | D:2      | 1196 ||| Stepping ~*~*~tactically~*~*~ (hiding).
  1211 | D:2      | Reached XP level 5. HP: 48/50 MP: 5/5
  1433 | D:2      | Found a runed translucent door.
  1434 | D:2      | Noticed Crazy Yiuf
  1584 | D:2      | Found Moicvila's Armour Boutique.
  1596 | D:2      | 1596 ||| BUYING +0 cloak (45 gold).
  1596 | D:2      | Bought a +0 cloak for 45 gold pieces
  1705 | D:2      | 1705 ||| UPGRADING to +0 cloak.
  1710 | D:2      | 1710 ||| UPGRADING to ring of resist corrosion.
  1711 | D:2      | 1711 ||| READING scroll labelled JEQUSCH KIENAOW.
  1712 | D:2      | 1712 ||| READING scroll labelled OVIEGH WI USUM.
  1713 | D:2      | 1713 ||| READING scroll labelled DEOM XEKOLYTZ.
  1714 | D:2      | 1714 ||| Stepping randomly (stuck).
  1715 | D:2      | 1715 ||| Stepping ~*~*~tactically~*~*~ (cloud).
  1771 | D:3      | Noticed Ijyb
  1773 | D:3      | Paralysed by Ijyb for 3 turns
  1780 | D:3      | Paralysed by Ijyb for 2 turns
  1787 | D:3      | Killed Ijyb
  1788 | D:3      | Reached skill level 6 in Unarmed Combat
  1876 | D:3      | Found an ornate altar of the Wu Jian Council.
  2002 | D:3      | Found a glowing golden altar of the Shining One.
  2015 | D:3      | Found Caur Lue's Weapon Shop.
  2030 | D:3      | Noticed Natasha
  2036 | D:3      | 2036 ||| Stepping ~*~*~tactically~*~*~ (outnumbered).
  2037 | D:3      | Killed Natasha
  2212 | D:3      | Noticed Grinder
  2215 | D:3      | Paralysed by Grinder for 2 turns
  2223 | D:3      | Paralysed by Grinder for 4 turns
  2228 | D:3      | 2228 ||| INVOKING Fiery Armour.
  2232 | D:3      | Killed Grinder
  2233 | D:3      | Reached skill level 7 in Unarmed Combat
  2233 | D:3      | Reached XP level 6. HP: 31/59 MP: 6/6
  2282 | D:3      | Noticed Natasha
  2298 | D:3      | Killed Natasha
  2765 | D:3      | Noticed Natasha
  2766 | D:3      | 2766 ||| Stepping ~*~*~tactically~*~*~ (stealth).
  2768 | D:3      | 2768 ||| Stepping ~*~*~tactically~*~*~ (hiding).
  2778 | D:3      | Killed Natasha
  2779 | D:3      | Reached skill level 8 in Unarmed Combat
  2779 | D:3      | Reached XP level 7. HP: 63/66 MP: 7/7
  2833 | D:3      | Found a runed translucent gate.
  2833 | D:3      | Found a runed translucent gate.
  2833 | D:3      | Found a runed translucent gate.
  2833 | D:3      | Noticed qw's ghost (amateur TrCA)
  2840 | D:3      | Found a bloodstained altar of Trog.
  2979 | D:3      | 2979 ||| READING 3 scrolls labelled ZUZYWKAIMO.
  2980 | D:3      | 2980 ||| READING scroll labelled OPNICW ROSMEI.
  2981 | D:3      | 2981 ||| DRINKING 2 pink potions.
  2982 | D:3      | 2982 ||| READING 2 scrolls of identify.
  2982 | D:3      | 2982 ||| IDENTIFYING sapphire potion
  2983 | D:3      | 2983 ||| DROPPING potion of brilliance.
  2984 | D:3      | 2984 ||| DROPPING potion of invisibility.
  2985 | D:3      | 2985 ||| DROPPING potion of attraction.
  3190 | D:4      | Reached skill level 3 in Fighting
  3440 | D:4      | 3440 ||| Stepping ~*~*~tactically~*~*~ (outnumbered).
  3723 | D:4      | 3723 ||| UPGRADING to ring of protection from cold.
  3724 | D:4      | 3724 ||| READING scroll labelled TENILO ZUURA.
  3725 | D:4      | 3725 ||| READING scroll labelled ODOYSU AHOMUNG.
  3726 | D:4      | 3726 ||| READING scroll labelled YHOCUS SANIAW.
  3727 | D:4      | 3727 ||| DRINKING 2 metallic red potions.
  3728 | D:4      | 3728 ||| READING 2 scrolls of identify.
  3728 | D:4      | 3728 ||| IDENTIFYING brown potion
  3733 | D:5      | Entered Level 5 of the Dungeon
  3734 | D:5      | 3734 ||| PLANNING OSSUARY
  3846 | D:5      | Reached skill level 9 in Unarmed Combat
  3917 | D:5      | 3917 ||| READING scroll of enchant armour.
  3917 | D:5      | 3917 ||| ENCHANTING +0 cloak.
  3933 | D:5      | Reached skill level 1 in Dodging
  3956 | D:5      | Reached XP level 8. HP: 72/75 MP: 8/8
  4321 | D:5      | Found a sand-covered staircase.
  4322 | D:5      | 4322 ||| DROPPING amulet of guardian spirit.
  4323 | D:5      | 4323 ||| UPGRADING to ring of see invisible.
  4328 | Ossuary  | Entered an ossuary
  4428 | Ossuary  | 4428 ||| INVOKING Fiery Armour.
  4445 | Ossuary  | 4445 ||| Stepping ~*~*~tactically~*~*~ (outnumbered).
  4446 | Ossuary  | 4446 ||| Stepping ~*~*~tactically~*~*~ (outnumbered).
  4447 | Ossuary  | 4447 ||| Stepping ~*~*~tactically~*~*~ (outnumbered).
  4471 | Ossuary  | Reached skill level 10 in Unarmed Combat
  4673 | Ossuary  | 4673 ||| READING 2 scrolls labelled YSAHOKKIAN.
  4674 | Ossuary  | 4674 ||| DRINKING 4 puce potions.
  4775 | Ossuary  | 4775 ||| DROPPING 3 potions of ambrosia.
  4789 | D:5      | 4789 ||| PLANNING D:1-11
  4960 | D:5      | 4960 ||| READING 2 scrolls of identify.
  4960 | D:5      | 4960 ||| IDENTIFYING grey potion
  5012 | D:6      | 5012 ||| INVOKING Fiery Armour.
  5014 | D:6      | HP: 14/76 [centaur/arrow (6)]
  5015 | D:6      | 5015 ||| READING 2 scrolls of teleportation.
  5150 | D:6      | 5150 ||| Stepping ~*~*~tactically~*~*~ (hiding).
  5195 | D:6      | 5195 ||| READING scroll of enchant armour.
  5195 | D:6      | 5195 ||| ENCHANTING +1 cloak.
  5209 | D:6      | 5209 ||| Stepping ~*~*~tactically~*~*~ (hiding).
  5210 | D:6      | 5210 ||| Stepping ~*~*~tactically~*~*~ (hiding).
  5261 | D:6      | 5261 ||| Stepping ~*~*~tactically~*~*~ (outnumbered).
  5267 | D:6      | Reached skill level 11 in Unarmed Combat
  5282 | D:6      | Found a hazy altar of Hepliaklqana.
  5545 | D:6      | Reached XP level 9. HP: 81/84 MP: 9/9
  5552 | D:6      | 5552 ||| Stepping ~*~*~tactically~*~*~ (outnumbered).
  5750 | D:6      | Found a burning altar of Makhleb.
  5763 | D:6      | 5763 ||| Stepping ~*~*~tactically~*~*~ (stealth).
  5776 | D:6      | 5776 ||| Stepping ~*~*~tactically~*~*~ (stealth).
  5777 | D:6      | 5777 ||| Stepping ~*~*~tactically~*~*~ (stealth).
  5781 | D:6      | 5781 ||| Stepping ~*~*~tactically~*~*~ (hiding).
  5782 | D:6      | 5782 ||| Stepping ~*~*~tactically~*~*~ (hiding).
  5783 | D:6      | 5783 ||| Stepping ~*~*~tactically~*~*~ (hiding).
  5899 | D:6      | 5899 ||| Stepping ~*~*~tactically~*~*~ (stealth).
  5902 | D:6      | 5902 ||| Stepping ~*~*~tactically~*~*~ (stealth).
  5905 | D:6      | 5905 ||| Stepping ~*~*~tactically~*~*~ (stealth).
  5913 | D:6      | Reached skill level 12 in Unarmed Combat
  5922 | D:6      | 5922 ||| Stepping ~*~*~tactically~*~*~ (stealth).
  6086 | D:6      | 6086 ||| Stepping ~*~*~tactically~*~*~ (stealth).
  6238 | D:6      | 6238 ||| UPGRADING to +2 robe of cold resistance.
  6248 | D:6      | 6248 ||| DROPPING +0 robe.
  6249 | D:6      | 6249 ||| READING 2 scrolls of identify.
  6249 | D:6      | 6249 ||| IDENTIFYING blue potion
  6325 | D:7      | 6325 ||| Stepping ~*~*~tactically~*~*~ (stealth).
  6327 | D:7      | 6327 ||| Stepping ~*~*~tactically~*~*~ (stealth).
  6333 | D:7      | 6333 ||| Stepping ~*~*~tactically~*~*~ (outnumbered).
  6334 | D:7      | 6334 ||| Stepping ~*~*~tactically~*~*~ (outnumbered).
  6498 | D:7      | 6498 ||| Stepping ~*~*~tactically~*~*~ (hiding).
  6499 | D:7      | 6499 ||| Stepping ~*~*~tactically~*~*~ (hiding).
  6503 | D:7      | 6503 ||| Stepping ~*~*~tactically~*~*~ (hiding).
  6556 | D:7      | 6556 ||| Stepping ~*~*~tactically~*~*~ (hiding).
  6683 | D:7      | 6683 ||| Stepping ~*~*~tactically~*~*~ (hiding).
  6689 | D:7      | 6689 ||| Stepping ~*~*~tactically~*~*~ (outnumbered).
  6918 | D:7      | Found a staircase to the Ecumenical Temple.
  7061 | D:7      | Found Gicrat's Assorted Antiques.
  7066 | D:7      | 7066 ||| BUYING ruby potion (21 gold).
  7066 | D:7      | Bought a ruby potion for 21 gold pieces
  7066 | D:7      | 7066 ||| BUYING scroll of teleportation (72 gold).
  7066 | D:7      | Bought a scroll of teleportation for 72 gold pieces
  7066 | D:7      | 7066 ||| BUYING scroll of teleportation (72 gold).
  7066 | D:7      | Bought a scroll of teleportation for 72 gold pieces
  7066 | D:7      | 7066 ||| BUYING tower shield (108 gold).
  7066 | D:7      | Bought a tower shield for 108 gold pieces
  7093 | D:7      | 7093 ||| UPGRADING to +0 tower shield.
  7098 | D:7      | 7098 ||| READING scroll labelled SEQUMEEF TESAG.
  7099 | D:7      | 7099 ||| DRINKING 2 red potions.
  7203 | D:7      | 7203 ||| DROPPING potion of berserk rage.
  7250 | D:8      | 7250 ||| STAIRDANCE
  7252 | D:7      | 7252 ||| Stepping ~*~*~tactically~*~*~ (outnumbered).
  7253 | D:7      | 7253 ||| Stepping ~*~*~tactically~*~*~ (outnumbered).
  7255 | D:7      | 7255 ||| Stepping ~*~*~tactically~*~*~ (outnumbered).
  7256 | D:7      | 7256 ||| Stepping ~*~*~tactically~*~*~ (outnumbered).
  7257 | D:7      | 7257 ||| Stepping ~*~*~tactically~*~*~ (outnumbered).
  7259 | D:7      | Reached skill level 1 in Shields
  7273 | D:8      | Reached skill level 3 in Shields
  7273 | D:8      | Reached XP level 10. HP: 63/96 MP: 10/10
  7275 | D:8      | 7275 ||| STAIRDANCE
  7350 | D:8      | 7350 ||| Stepping ~*~*~tactically~*~*~ (outnumbered).
  7351 | D:8      | 7351 ||| Stepping ~*~*~tactically~*~*~ (outnumbered).
  7352 | D:8      | 7352 ||| Stepping ~*~*~tactically~*~*~ (outnumbered).
  7353 | D:8      | 7353 ||| Stepping ~*~*~tactically~*~*~ (outnumbered).
  7354 | D:8      | 7354 ||| Stepping ~*~*~tactically~*~*~ (outnumbered).
  7355 | D:8      | 7355 ||| Stepping ~*~*~tactically~*~*~ (outnumbered).
  7356 | D:8      | 7356 ||| Stepping ~*~*~tactically~*~*~ (outnumbered).
  7357 | D:8      | 7357 ||| STAIRDANCE
  7359 | D:7      | 7359 ||| Stepping ~*~*~tactically~*~*~ (outnumbered).
  7370 | D:8      | 7370 ||| STAIRDANCE
  7418 | D:8      | 7418 ||| Stepping ~*~*~tactically~*~*~ (stealth).
  7437 | D:8      | 7437 ||| FLEEEEING.
  7438 | D:8      | 7438 ||| FLEEEEING.
  7441 | D:8      | 7441 ||| Stepping ~*~*~tactically~*~*~ (hiding).
  7442 | D:8      | 7442 ||| Stepping ~*~*~tactically~*~*~ (hiding).
  7443 | D:8      | 7443 ||| Stepping ~*~*~tactically~*~*~ (hiding).
  7500 | D:8      | 7500 ||| Stepping ~*~*~tactically~*~*~ (stealth).
  7611 | D:8      | 7611 ||| Stepping ~*~*~tactically~*~*~ (stealth).
  7613 | D:8      | 7613 ||| Stepping ~*~*~tactically~*~*~ (hiding).
  7623 | D:8      | 7623 ||| Stepping ~*~*~tactically~*~*~ (stealth).
  7627 | D:8      | 7627 ||| Stepping ~*~*~tactically~*~*~ (hiding).
  7629 | D:8      | 7629 ||| Stepping ~*~*~tactically~*~*~ (hiding).
  7730 | D:8      | 7730 ||| Stepping ~*~*~tactically~*~*~ (stealth).
  7732 | D:8      | 7732 ||| Stepping ~*~*~tactically~*~*~ (hiding).
  7852 | D:8      | 7852 ||| Stepping ~*~*~tactically~*~*~ (outnumbered).
  7856 | D:8      | 7856 ||| Stepping ~*~*~tactically~*~*~ (outnumbered).
  7927 | D:8      | Found a staircase to the Lair.
  8042 | D:8      | 8042 ||| PLANNING LAIR
  8074 | Lair:1   | Entered Level 1 of the Lair of Beasts
  8110 | Lair:1   | Noticed a black mamba
  8117 | Lair:1   | Killed a black mamba
  8118 | Lair:1   | Reached skill level 6 in Shields
  8163 | Lair:1   | Noticed Harold
  8168 | Lair:1   | Killed Harold
  8224 | Lair:1   | 8224 ||| INVOKING Fiery Armour.
  8359 | Lair:1   | Found a transporter.
  8479 | Lair:1   | 8479 ||| INVOKING Fiery Armour.
  8485 | Lair:1   | 8485 ||| Stepping ~*~*~tactically~*~*~ (stealth).
  8488 | Lair:1   | HP: 17/96 [electric eel/bolt of electricity (9)]
  8489 | Lair:1   | 8489 ||| READING 4 scrolls of teleportation.
  8494 | Lair:1   | Noticed a black mamba
  8497 | Lair:1   | HP: 14/96 [black mamba (12)]
  8498 | Lair:1   | 8498 ||| READING 3 scrolls of teleportation.
  8501 | Lair:1   | HP: 6/96 [poisoned by a black mamba]
  8506 | Lair:1   | HP: 5/96 [poisoned by a black mamba]
  8635 | Lair:1   | Noticed a black mamba
  8636 | Lair:1   | 8636 ||| Stepping ~*~*~tactically~*~*~ (stealth).
  8640 | Lair:1   | Killed a black mamba
  8660 | Lair:1   | Found a transporter.
  8761 | Lair:1   | Noticed a cane toad
  8777 | Lair:1   | HP: 22/96 [basilisk (7)]
  8778 | Lair:1   | 8778 ||| READING 2 scrolls of teleportation.
  8779 | Lair:1   | 8779 ||| INVOKING Fiery Armour.
  8780 | Lair:1   | Reached skill level 9 in Shields
  8871 | Lair:1   | Reached XP level 11. HP: 102/102 MP: 11/11
  8879 | Lair:1   | 8879 ||| Stepping ~*~*~tactically~*~*~ (stealth).
  8880 | Lair:1   | 8880 ||| Stepping ~*~*~tactically~*~*~ (stealth).
  8882 | Lair:1   | 8882 ||| Stepping ~*~*~tactically~*~*~ (stealth).
  8905 | Lair:1   | 8905 ||| Stepping ~*~*~tactically~*~*~ (stealth).
  8906 | Lair:1   | 8906 ||| Stepping ~*~*~tactically~*~*~ (stealth).
  8966 | Lair:1   | 8966 ||| INVOKING Fiery Armour.
  9151 | Lair:1   | 9151 ||| READING 2 scrolls labelled WAGGE KOQYFUGE.
  9152 | Lair:1   | 9152 ||| READING scroll labelled PIUWKO ZEMOGU.
  9153 | Lair:1   | 9153 ||| DRINKING 2 golden potions.
  9154 | Lair:1   | 9154 ||| READING 3 scrolls of identify.
  9154 | Lair:1   | 9154 ||| IDENTIFYING white potion
  9155 | Lair:1   | 9155 ||| READING 2 scrolls of identify.
  9155 | Lair:1   | 9155 ||| IDENTIFYING murky emerald potion
  9156 | Lair:1   | 9156 ||| DROPPING potion of magic.
  9157 | Lair:1   | 9157 ||| DROPPING potion of degeneration.
  9158 | Lair:1   | 9158 ||| DROPPING scroll of fear.
  9208 | Lair:2   | 9208 ||| INVOKING Fiery Armour.
  9216 | Lair:2   | 9216 ||| Stepping ~*~*~tactically~*~*~ (outnumbered).
  9235 | Lair:2   | Reached skill level 1 in Throwing
  9279 | Lair:2   | 9279 ||| Stepping ~*~*~tactically~*~*~ (stealth).
  9281 | Lair:2   | 9281 ||| Stepping ~*~*~tactically~*~*~ (stealth).
  9282 | Lair:2   | 9282 ||| Stepping ~*~*~tactically~*~*~ (stealth).
  9283 | Lair:2   | 9283 ||| Stepping ~*~*~tactically~*~*~ (stealth).
  9285 | Lair:2   | 9285 ||| Stepping ~*~*~tactically~*~*~ (outnumbered).
  9299 | Lair:2   | 9299 ||| Stepping ~*~*~tactically~*~*~ (outnumbered).
  9300 | Lair:2   | 9300 ||| Stepping ~*~*~tactically~*~*~ (outnumbered).
  9305 | Lair:2   | 9305 ||| Stepping ~*~*~tactically~*~*~ (outnumbered).
  9306 | Lair:2   | 9306 ||| INVOKING Fiery Armour.
  9307 | Lair:2   | 9307 ||| Stepping ~*~*~tactically~*~*~ (outnumbered).
  9308 | Lair:2   | 9308 ||| Stepping ~*~*~tactically~*~*~ (outnumbered).
  9309 | Lair:2   | 9309 ||| Stepping ~*~*~tactically~*~*~ (outnumbered).
  9311 | Lair:2   | 9311 ||| Stepping ~*~*~tactically~*~*~ (outnumbered).
  9365 | Lair:2   | 9365 ||| Stepping ~*~*~tactically~*~*~ (stealth).
  9470 | Lair:2   | 9470 ||| Stepping ~*~*~tactically~*~*~ (stealth).
  9471 | Lair:2   | 9471 ||| Stepping ~*~*~tactically~*~*~ (stealth).
  9472 | Lair:2   | 9472 ||| Stepping ~*~*~tactically~*~*~ (stealth).
  9473 | Lair:2   | 9473 ||| Stepping ~*~*~tactically~*~*~ (stealth).
  9476 | Lair:2   | 9476 ||| Stepping ~*~*~tactically~*~*~ (outnumbered).
  9477 | Lair:2   | 9477 ||| Stepping ~*~*~tactically~*~*~ (outnumbered).
  9480 | Lair:2   | 9480 ||| Stepping ~*~*~tactically~*~*~ (outnumbered).
  9482 | Lair:2   | 9482 ||| Stepping ~*~*~tactically~*~*~ (outnumbered).
  9484 | Lair:2   | 9484 ||| Stepping ~*~*~tactically~*~*~ (outnumbered).
  9485 | Lair:2   | 9485 ||| Stepping ~*~*~tactically~*~*~ (outnumbered).
  9486 | Lair:2   | 9486 ||| Stepping ~*~*~tactically~*~*~ (outnumbered).
  9487 | Lair:2   | 9487 ||| Stepping ~*~*~tactically~*~*~ (outnumbered).
  9488 | Lair:2   | 9488 ||| Stepping ~*~*~tactically~*~*~ (outnumbered).
  9493 | Lair:2   | 9493 ||| Stepping ~*~*~tactically~*~*~ (outnumbered).
  9494 | Lair:2   | 9494 ||| Stepping ~*~*~tactically~*~*~ (outnumbered).
  9495 | Lair:2   | 9495 ||| Stepping ~*~*~tactically~*~*~ (outnumbered).
  9575 | Lair:2   | 9575 ||| INVOKING Fiery Armour.
  9619 | Lair:2   | 9619 ||| Stepping ~*~*~tactically~*~*~ (stealth).
  9620 | Lair:2   | 9620 ||| Stepping ~*~*~tactically~*~*~ (stealth).
  9630 | Lair:2   | Reached skill level 12 in Shields
 10130 | Lair:3   | 10130 ||| INVOKING Fiery Armour.
 10306 | Lair:3   | Reached XP level 12. HP: 68/111 MP: 12/12
 10508 | Lair:3   | Noticed a five-headed hydra
 10510 | Lair:3   | 10510 ||| INVOKING Fiery Armour.
 10522 | Lair:3   | Killed an eight-headed hydra
 10529 | Lair:3   | Reached skill level 13 in Unarmed Combat
 10571 | Lair:3   | 10571 ||| PLANNING TEMPLE
 10571 | Lair:3   | 10571 ||| DROPPING ring of magical power.
 10572 | Lair:3   | 10572 ||| READING scroll labelled TACZUI GACH.
 10572 | Lair:3   | Identified a scroll of acquirement
 10572 | Lair:3   | 10572 ||| ACQUIRING +1 cloak of the Snake Pit {rF- rN+
                  | Str+3}
 10572 | Lair:3   | Acquired the +1 cloak of the Snake Pit {rF- rN+ Str+3}
 10574 | Lair:3   | 10574 ||| READING 2 scrolls of identify.
 10574 | Lair:3   | 10574 ||| IDENTIFYING ruby potion
 10653 | Temple   | Entered the Ecumenical Temple
 10673 | Temple   | 10673 ||| PLANNING CONVERSION TO OKAWARU
 10680 | Temple   | Fell from the grace of Ignis
 10680 | Temple   | Became a worshipper of Warmaster Okawaru
 10681 | Temple   | 10681 ||| PLANNING LAIR
 10772 | Lair:3   | Found a staircase to the Swamp.
 10809 | Lair:3   | 10809 ||| Stepping ~*~*~tactically~*~*~ (stealth).
 10816 | Lair:3   | 10816 ||| Stepping ~*~*~tactically~*~*~ (outnumbered).
 10820 | Lair:3   | Reached skill level 1 in Armour
 10964 | Lair:3   | 10964 ||| Stepping ~*~*~tactically~*~*~ (stealth).
 10990 | Lair:3   | Reached * piety under Okawaru
 11043 | Lair:3   | Found a staircase to the Snake Pit.
 11071 | Lair:3   | 11071 ||| Stepping ~*~*~tactically~*~*~ (stealth).
 11074 | Lair:3   | 11074 ||| INVOKING Heroism.
 11078 | Lair:3   | 11078 ||| Stepping ~*~*~tactically~*~*~ (outnumbered).
 11079 | Lair:3   | 11079 ||| Stepping ~*~*~tactically~*~*~ (outnumbered).
 11093 | Lair:3   | 11093 ||| Stepping ~*~*~tactically~*~*~ (outnumbered).
 11099 | Lair:3   | Reached skill level 1 in Invocations
 11104 | Lair:3   | 11104 ||| INVOKING Heroism.
 11324 | Lair:3   | 11324 ||| FLEEEEING.
 11328 | Lair:3   | 11328 ||| FLEEEEING.
 11350 | Lair:3   | Found a runed translucent door.
 11354 | Lair:3   | Noticed qw's ghost (journeyman TrCA)
 11432 | Lair:3   | 11432 ||| Stepping ~*~*~tactically~*~*~ (stealth).
 11434 | Lair:3   | 11434 ||| INVOKING Heroism.
 11437 | Lair:3   | 11437 ||| Stepping ~*~*~tactically~*~*~ (outnumbered).
 11645 | Lair:3   | 11645 ||| READING 4 scrolls of teleportation.
 11714 | Lair:4   | Found an iron altar of Okawaru.
 11767 | Lair:4   | Reached skill level 3 in Invocations
 11851 | Lair:4   | Reached ** piety under Okawaru
 11857 | Lair:4   | 11857 ||| Stepping ~*~*~tactically~*~*~ (stealth).
 11859 | Lair:4   | 11859 ||| Stepping ~*~*~tactically~*~*~ (stealth).
 11861 | Lair:4   | 11861 ||| Stepping ~*~*~tactically~*~*~ (stealth).
 11863 | Lair:4   | 11863 ||| Stepping ~*~*~tactically~*~*~ (stealth).
 11864 | Lair:4   | 11864 ||| Stepping ~*~*~tactically~*~*~ (stealth).
 11865 | Lair:4   | 11865 ||| Stepping ~*~*~tactically~*~*~ (stealth).
 11876 | Lair:4   | 11876 ||| INVOKING Heroism.
 11877 | Lair:4   | You fall into a shaft and drop 1 floor!
 11877 | Lair:5   | Entered Level 5 of the Lair of Beasts
 11906 | Lair:5   | 11906 ||| READING 3 scrolls of identify.
 11906 | Lair:5   | 11906 ||| IDENTIFYING dark potion
 11907 | Lair:5   | 11907 ||| DROPPING potion of flight.
 12057 | Lair:4   | 12057 ||| INVOKING Heroism.
 12072 | Lair:4   | 12072 ||| Stepping ~*~*~tactically~*~*~ (outnumbered).
 12161 | Lair:4   | Found a frozen archway.
 12193 | Lair:4   | 12193 ||| Stepping ~*~*~tactically~*~*~ (stealth).
 12196 | Lair:4   | 12196 ||| Stepping ~*~*~tactically~*~*~ (stealth).
 12198 | Lair:4   | 12198 ||| Stepping ~*~*~tactically~*~*~ (stealth).
 12199 | Lair:4   | 12199 ||| INVOKING Heroism.
 12201 | Lair:4   | Reached *** piety under Okawaru
 12206 | Lair:4   | You fall into a shaft and drop 1 floor!
 12208 | Lair:5   | 12208 ||| Stepping ~*~*~tactically~*~*~ (stealth).
 12211 | Lair:5   | 12211 ||| Stepping ~*~*~tactically~*~*~ (stealth).
 12222 | Lair:5   | Reached skill level 14 in Unarmed Combat
 12222 | Lair:5   | 12222 ||| INVOKING Heroism.
 12228 | Lair:5   | 12228 ||| Stepping ~*~*~tactically~*~*~ (outnumbered).
 12245 | Lair:5   | Reached **** piety under Okawaru
 12252 | Lair:5   | 12252 ||| INVOKING Heroism.
 12335 | Lair:4   | Noticed Rupert
 12336 | Lair:4   | 12336 ||| INVOKING Heroism.
 12343 | Lair:4   | 12343 ||| Stepping ~*~*~tactically~*~*~ (outnumbered).
 12344 | Lair:4   | 12344 ||| Stepping ~*~*~tactically~*~*~ (outnumbered).
 12346 | Lair:4   | 12346 ||| Stepping ~*~*~tactically~*~*~ (outnumbered).
 12347 | Lair:4   | 12347 ||| Stepping ~*~*~tactically~*~*~ (outnumbered).
 12348 | Lair:4   | 12348 ||| Stepping ~*~*~tactically~*~*~ (outnumbered).
 12349 | Lair:4   | Killed Rupert
 12350 | Lair:4   | Reached skill level 6 in Fighting
 12350 | Lair:4   | Reached XP level 13. HP: 92/120 MP: 13/15
 12355 | Lair:4   | 12355 ||| INVOKING Heroism.
 12360 | Lair:4   | HP: 30/120 [poisoned by a water moccasin]
 12361 | Lair:4   | 12361 ||| READING 3 scrolls of teleportation.
 12361 | Lair:4   | HP: 14/120 [komodo dragon (6)]
 12362 | Lair:4   | 12362 ||| DRINKING potion of heal wounds.
 12363 | Lair:4   | HP: 2/120 [komodo dragon (17)]
 12366 | Lair:4   | 12366 ||| FLEEEEING.
 12367 | Lair:4   | 12367 ||| FLEEEEING.
 12489 | Lair:4   | 12489 ||| INVOKING Heroism.
 12494 | Lair:4   | 12494 ||| FLEEEEING.
 12495 | Lair:4   | 12495 ||| FLEEEEING.
 12496 | Lair:4   | 12496 ||| FLEEEEING.
 12497 | Lair:4   | 12497 ||| FLEEEEING.
 12498 | Lair:4   | 12498 ||| FLEEEEING.
 12499 | Lair:4   | 12499 ||| FLEEEEING.
 12500 | Lair:4   | 12500 ||| FLEEEEING.
 12531 | Lair:4   | 12531 ||| INVOKING Heroism.
 12579 | Lair:4   | 12579 ||| INVOKING Heroism.
 12612 | Lair:4   | 12612 ||| INVOKING Heroism.
 12688 | Lair:4   | 12688 ||| DRINKING 2 potions of cancellation.
 12690 | Lair:4   | Received a gift from Okawaru
 12735 | Lair:4   | 12735 ||| INVOKING Heroism.
 12758 | Lair:4   | 12758 ||| Stepping ~*~*~tactically~*~*~ (stealth).
 12793 | Lair:4   | You fall into a shaft and drop 1 floor!
 12802 | Lair:5   | Found a white marble altar of Elyvilon.
 12949 | Lair:5   | 12949 ||| INVOKING Heroism.
 12971 | Lair:5   | 12971 ||| Stepping ~*~*~tactically~*~*~ (stealth).
 12973 | Lair:5   | 12973 ||| INVOKING Heroism.
 13099 | Lair:4   | You fall into a shaft and drop 1 floor!
 13157 | Lair:5   | 13157 ||| Stepping ~*~*~tactically~*~*~ (hiding).
 13159 | Lair:5   | 13159 ||| Stepping ~*~*~tactically~*~*~ (hiding).
 13168 | Lair:5   | 13168 ||| INVOKING Heroism.
 13193 | Lair:5   | 13193 ||| Stepping ~*~*~tactically~*~*~ (stealth).
 13232 | Lair:5   | 13232 ||| FLEEEEING.
 13233 | Lair:5   | 13233 ||| FLEEEEING.
 13234 | Lair:5   | 13234 ||| FLEEEEING.
 13235 | Lair:5   | 13235 ||| FLEEEEING.
 13236 | Lair:5   | 13236 ||| FLEEEEING.
 13237 | Lair:5   | 13237 ||| FLEEEEING.
 13238 | Lair:5   | 13238 ||| FLEEEEING.
 13239 | Lair:5   | 13239 ||| FLEEEEING.
 13240 | Lair:5   | 13240 ||| STAIRDANCE
 13468 | Lair:4   | 13468 ||| Stepping ~*~*~tactically~*~*~ (stealth).
 13473 | Lair:4   | 13473 ||| Stepping ~*~*~tactically~*~*~ (outnumbered).
 13474 | Lair:4   | 13474 ||| Stepping ~*~*~tactically~*~*~ (outnumbered).
 13475 | Lair:4   | 13475 ||| INVOKING Heroism.
 13476 | Lair:4   | 13476 ||| Stepping ~*~*~tactically~*~*~ (outnumbered).
 13477 | Lair:4   | 13477 ||| Stepping ~*~*~tactically~*~*~ (outnumbered).
 13478 | Lair:4   | 13478 ||| Stepping ~*~*~tactically~*~*~ (outnumbered).
 13479 | Lair:4   | 13479 ||| Stepping ~*~*~tactically~*~*~ (outnumbered).
 13488 | Lair:4   | Reached skill level 6 in Invocations
 13654 | Lair:4   | 13654 ||| READING scroll labelled RELOYV KOKOENT.
 13767 | Lair:5   | 13767 ||| STAIRDANCE
 13773 | Lair:5   | 13773 ||| INVOKING Heroism.
 13794 | Lair:5   | 13794 ||| Stepping ~*~*~tactically~*~*~ (stealth).
 13815 | Lair:5   | 13815 ||| INVOKING Heroism.
 13818 | Lair:5   | 13818 ||| Stepping ~*~*~tactically~*~*~ (stealth).
 13847 | Lair:5   | 13847 ||| Stepping ~*~*~tactically~*~*~ (stealth).
 13852 | Lair:5   | 13852 ||| INVOKING Heroism.
 13889 | Lair:5   | 13889 ||| INVOKING Heroism.
 13984 | Lair:5   | 13984 ||| INVOKING Heroism.
 14007 | Lair:5   | 14007 ||| INVOKING Heroism.
 14091 | Lair:5   | 14091 ||| INVOKING Heroism.
 14123 | Lair:5   | Identified the +1 hand axe of the Coward {flame, *Corrode
                  | Dex+2 Stlth+}
 14125 | Lair:5   | 14125 ||| Stepping ~*~*~tactically~*~*~ (stealth).
 14127 | Lair:5   | 14127 ||| Stepping ~*~*~tactically~*~*~ (stealth).
 14131 | Lair:5   | 14131 ||| INVOKING Heroism.
 14171 | Lair:5   | 14171 ||| Stepping ~*~*~tactically~*~*~ (stealth).
 14173 | Lair:5   | 14173 ||| INVOKING Heroism.
 14184 | Lair:5   | 14184 ||| Stepping ~*~*~tactically~*~*~ (stealth).
 14196 | Lair:5   | Reached skill level 15 in Unarmed Combat
 14199 | Lair:5   | 14199 ||| INVOKING Heroism.
 14206 | Lair:5   | HP: 27/120 [thrashing horror (12)]
 14207 | Lair:5   | 14207 ||| READING 4 scrolls of teleportation.
 14211 | Lair:5   | 14211 ||| READING 3 scrolls of teleportation.
 14372 | Lair:5   | 14372 ||| INVOKING Heroism.
 14381 | Lair:5   | 14381 ||| Stepping ~*~*~tactically~*~*~ (outnumbered).
 14382 | Lair:5   | 14382 ||| Stepping ~*~*~tactically~*~*~ (stealth).
 14383 | Lair:5   | 14383 ||| Stepping ~*~*~tactically~*~*~ (stealth).
 14387 | Lair:5   | 14387 ||| Stepping ~*~*~tactically~*~*~ (outnumbered).
 14391 | Lair:5   | Reached ***** piety under Okawaru
 14392 | Lair:5   | 14392 ||| INVOKING Finesse.
 14472 | Lair:5   | Was forgiven by Ignis
 14473 | Lair:5   | 14473 ||| DRINKING 4 potions of curing.
 14473 | Lair:5   | 14473 ||| (to cure confusion)
 14512 | Lair:5   | 14512 ||| INVOKING Heroism.
 14555 | Lair:5   | 14555 ||| INVOKING Heroism.
 14557 | Lair:5   | 14557 ||| Stepping ~*~*~tactically~*~*~ (stealth).
 14559 | Lair:5   | 14559 ||| INVOKING Finesse.
 14641 | Lair:5   | 14641 ||| INVOKING Heroism.
 14654 | Lair:5   | Found a staircase to the Slime Pits.
 14655 | Lair:5   | Found a viscous altar of Jiyva.
 15062 | Lair:5   | 15062 ||| Stepping ~*~*~tactically~*~*~ (stealth).
 15089 | Lair:5   | Found a corrupted altar of Lugonu.
 15089 | Lair:5   | Found a one-way gate to the infinite horrors of the Abyss.
 15210 | Lair:5   | 15210 ||| PLANNING D:1-11
 15371 | D:9      | Found a flagged portal.
 15406 | D:9      | Noticed Grum
 15407 | D:9      | 15407 ||| Stepping ~*~*~tactically~*~*~ (hiding).
 15409 | D:9      | 15409 ||| INVOKING Heroism.
 15411 | D:9      | 15411 ||| INVOKING Finesse.
 15416 | D:9      | Killed Grum
 15431 | D:9      | Reached XP level 14. HP: 130/130 MP: 12/19
 15530 | D:9      | Found a radiant altar of Vehumet.
 15616 | D:9      | Found a glowing silver altar of Zin.
 15637 | D:9      | 15637 ||| Stepping ~*~*~tactically~*~*~ (hiding).
 15639 | D:9      | 15639 ||| Stepping ~*~*~tactically~*~*~ (hiding).
 15640 | D:9      | 15640 ||| Stepping ~*~*~tactically~*~*~ (hiding).
 15642 | D:9      | 15642 ||| Stepping ~*~*~tactically~*~*~ (hiding).
 15676 | D:9      | Found a broken altar of Ashenzari.
 15677 | D:9      | Noticed Psyche
 15690 | Abyss:1  | Cast into level 1 of the Abyss (Psyche)
 15710 | Abyss:1  | Noticed a yellow draconian annihilator
 15710 | Abyss:1  | 15710 ||| Stepping ~*~*~tactically~*~*~ (stealth).
 15715 | Abyss:1  | 15715 ||| Stepping ~*~*~tactically~*~*~ (stealth).
 15717 | Abyss:1  | 15717 ||| Stepping ~*~*~tactically~*~*~ (stealth).
 15724 | Abyss:1  | 15724 ||| Stepping ~*~*~tactically~*~*~ (stealth).
 15727 | Abyss:1  | 15727 ||| Stepping ~*~*~tactically~*~*~ (stealth).
 15729 | Abyss:1  | 15729 ||| Stepping ~*~*~tactically~*~*~ (stealth).
 15793 | Abyss:1  | 15793 ||| Stepping ~*~*~tactically~*~*~ (stealth).
 15795 | Abyss:1  | 15795 ||| Stepping ~*~*~tactically~*~*~ (hiding).
 15805 | Abyss:1  | 15805 ||| INVOKING Heroism.
 15834 | Abyss:1  | 15834 ||| Stepping ~*~*~tactically~*~*~ (stealth).
 15835 | Abyss:1  | 15835 ||| Stepping ~*~*~tactically~*~*~ (stealth).
 15836 | Abyss:1  | 15836 ||| Stepping ~*~*~tactically~*~*~ (stealth).
 15837 | Abyss:1  | 15837 ||| Stepping ~*~*~tactically~*~*~ (stealth).
 15840 | Abyss:1  | 15840 ||| Stepping ~*~*~tactically~*~*~ (stealth).
 15841 | Abyss:1  | 15841 ||| Stepping ~*~*~tactically~*~*~ (stealth).
 15845 | Abyss:1  | 15845 ||| Stepping ~*~*~tactically~*~*~ (outnumbered).
 15861 | Abyss:1  | 15861 ||| Stepping ~*~*~tactically~*~*~ (stealth).
 15864 | Abyss:1  | 15864 ||| Stepping ~*~*~tactically~*~*~ (stealth).
 15865 | Abyss:1  | 15865 ||| Stepping ~*~*~tactically~*~*~ (stealth).
 15866 | Abyss:1  | 15866 ||| Stepping ~*~*~tactically~*~*~ (hiding).
 15867 | Abyss:1  | 15867 ||| INVOKING Heroism.
 15875 | Abyss:1  | 15875 ||| Stepping ~*~*~tactically~*~*~ (outnumbered).
 15906 | Abyss:1  | 15906 ||| Stepping ~*~*~tactically~*~*~ (stealth).
 15908 | Abyss:1  | 15908 ||| INVOKING Heroism.
 15911 | Abyss:1  | 15911 ||| Stepping ~*~*~tactically~*~*~ (stealth).
 15913 | Abyss:1  | 15913 ||| Stepping ~*~*~tactically~*~*~ (stealth).
 15914 | Abyss:1  | 15914 ||| Stepping ~*~*~tactically~*~*~ (stealth).
 15915 | Abyss:1  | 15915 ||| Stepping ~*~*~tactically~*~*~ (stealth).
 15917 | Abyss:1  | 15917 ||| Stepping ~*~*~tactically~*~*~ (stealth).
 15918 | Abyss:1  | 15918 ||| Stepping ~*~*~tactically~*~*~ (stealth).
 15923 | Abyss:1  | 15923 ||| Stepping ~*~*~tactically~*~*~ (stealth).
 15930 | Abyss:1  | 15930 ||| Stepping ~*~*~tactically~*~*~ (hiding).
 15939 | Abyss:1  | HP: 32/130 [efreet/+0 scimitar of flaming (12)]
 15940 | Abyss:1  | Reached skill level 15 in Shields
 15940 | Abyss:1  | Reached skill level 9 in Invocations
 15944 | Abyss:1  | 15944 ||| INVOKING Heroism.
 15945 | Abyss:1  | 15945 ||| Stepping ~*~*~tactically~*~*~ (cloud).
 15947 | Abyss:1  | 15947 ||| Stepping ~*~*~tactically~*~*~ (hiding).
 15968 | Abyss:1  | 15968 ||| Stepping ~*~*~tactically~*~*~ (stealth).
 15970 | Abyss:1  | 15970 ||| Stepping ~*~*~tactically~*~*~ (stealth).
 15976 | Abyss:1  | 15976 ||| Stepping ~*~*~tactically~*~*~ (stealth).
 15979 | Abyss:1  | 15979 ||| Stepping ~*~*~tactically~*~*~ (stealth).
 15980 | Abyss:1  | 15980 ||| Stepping ~*~*~tactically~*~*~ (stealth).
 15982 | Abyss:1  | 15982 ||| INVOKING Heroism.
 15985 | Abyss:1  | HP: 24/130 [metal wall collision (12)]
 15988 | Abyss:1  | HP: 10/130 [metal wall collision (3)]
 16003 | Abyss:1  | Noticed a starcursed mass
 16004 | Abyss:1  | 16004 ||| Stepping ~*~*~tactically~*~*~ (stealth).
 16006 | Abyss:1  | 16006 ||| Stepping ~*~*~tactically~*~*~ (stealth).
 16007 | Abyss:1  | 16007 ||| Stepping ~*~*~tactically~*~*~ (stealth).
 16009 | Abyss:1  | 16009 ||| READING 2 scrolls of teleportation.
 16010 | Abyss:1  | 16010 ||| INVOKING Heroism.
 16012 | Abyss:1  | HP: 26/130 [starcursed mass/accursed screaming (9)]
 16118 | Abyss:1  | 16118 ||| Stepping ~*~*~tactically~*~*~ (stealth).
 16233 | Abyss:1  | Noticed a tentacled starspawn
 16235 | Abyss:1  | 16235 ||| Stepping ~*~*~tactically~*~*~ (hiding).
 16236 | Abyss:1  | 16236 ||| Stepping ~*~*~tactically~*~*~ (hiding).
 16238 | Abyss:1  | 16238 ||| Stepping ~*~*~tactically~*~*~ (hiding).
 16242 | Abyss:1  | 16242 ||| INVOKING Heroism.
 16245 | Abyss:1  | Killed a tentacled starspawn
 16347 | Abyss:1  | 16347 ||| Stepping ~*~*~tactically~*~*~ (stealth).
 16353 | Abyss:1  | 16353 ||| Stepping ~*~*~tactically~*~*~ (stealth).
 16360 | Abyss:1  | 16360 ||| Stepping ~*~*~tactically~*~*~ (stealth).
 16361 | Abyss:1  | 16361 ||| Stepping ~*~*~tactically~*~*~ (stealth).
 16361 | Abyss:1  | Noticed a Hell Sentinel
 16362 | Abyss:1  | 16362 ||| INVOKING Heroism.
 16363 | Abyss:1  | 16363 ||| INVOKING Finesse.
 16366 | Abyss:1  | Identified the +1 kite shield "Keuj" {+Blink} (Okawaru
                  | gifted it to you on level 1 of the Abyss)
 16366 | Abyss:1  | Received a gift from Okawaru
 16377 | D:9      | Escaped the Abyss
 16384 | D:9      | Killed Psyche
 16525 | D:9      | 16525 ||| Stepping ~*~*~tactically~*~*~ (stealth).
 16526 | D:9      | 16526 ||| Stepping ~*~*~tactically~*~*~ (stealth).
 16531 | D:9      | 16531 ||| Stepping ~*~*~tactically~*~*~ (hiding).
 16534 | D:9      | 16534 ||| INVOKING Heroism.
 16660 | D:9      | Found a sacrificial altar of Ru.
 16739 | D:10     | Entered Level 10 of the Dungeon
 16742 | D:10     | 16742 ||| INVOKING Heroism.
 16744 | D:10     | 16744 ||| STAIRDANCE
 16759 | D:10     | 16759 ||| STAIRDANCE
 16772 | D:10     | 16772 ||| INVOKING Heroism.
 16802 | D:10     | 16802 ||| Stepping ~*~*~tactically~*~*~ (outnumbered).
 16803 | D:10     | 16803 ||| Stepping ~*~*~tactically~*~*~ (outnumbered).
 16865 | D:10     | 16865 ||| Stepping ~*~*~tactically~*~*~ (stealth).
 16867 | D:10     | 16867 ||| Stepping ~*~*~tactically~*~*~ (hiding).
 16884 | D:10     | 16884 ||| INVOKING Heroism.
 16885 | D:10     | 16885 ||| Stepping ~*~*~tactically~*~*~ (outnumbered).
 16889 | D:10     | 16889 ||| Stepping ~*~*~tactically~*~*~ (outnumbered).
 16894 | D:10     | 16894 ||| Stepping ~*~*~tactically~*~*~ (outnumbered).
 16896 | D:10     | 16896 ||| Stepping ~*~*~tactically~*~*~ (outnumbered).
 16954 | D:10     | 16954 ||| Stepping ~*~*~tactically~*~*~ (stealth).
 16960 | D:10     | 16960 ||| INVOKING Heroism.
 17102 | D:10     | 17102 ||| Stepping ~*~*~tactically~*~*~ (hiding).
 17104 | D:10     | 17104 ||| Stepping ~*~*~tactically~*~*~ (hiding).
 17113 | D:10     | 17113 ||| Stepping ~*~*~tactically~*~*~ (hiding).
 17584 | D:11     | Found a staircase to the Orcish Mines.
 17585 | D:11     | 17585 ||| INVOKING Heroism.
 17588 | D:11     | 17588 ||| Stepping ~*~*~tactically~*~*~ (outnumbered).
 17589 | D:11     | 17589 ||| Stepping ~*~*~tactically~*~*~ (outnumbered).
 17590 | D:11     | 17590 ||| Stepping ~*~*~tactically~*~*~ (outnumbered).
 17591 | D:11     | 17591 ||| Stepping ~*~*~tactically~*~*~ (outnumbered).
 17647 | D:11     | 17647 ||| INVOKING Heroism.
 17648 | D:11     | 17648 ||| Stepping ~*~*~tactically~*~*~ (outnumbered).
 17649 | D:11     | 17649 ||| Stepping ~*~*~tactically~*~*~ (outnumbered).
 17650 | D:11     | 17650 ||| Stepping ~*~*~tactically~*~*~ (outnumbered).
 17651 | D:11     | 17651 ||| Stepping ~*~*~tactically~*~*~ (outnumbered).
 17652 | D:11     | 17652 ||| Stepping ~*~*~tactically~*~*~ (outnumbered).
 17656 | D:11     | 17656 ||| Stepping ~*~*~tactically~*~*~ (outnumbered).
 17699 | D:11     | 17699 ||| Stepping ~*~*~tactically~*~*~ (stealth).
 17700 | D:11     | 17700 ||| Stepping ~*~*~tactically~*~*~ (stealth).
 17703 | D:11     | 17703 ||| Stepping ~*~*~tactically~*~*~ (stealth).
 17710 | D:11     | 17710 ||| Stepping ~*~*~tactically~*~*~ (stealth).
 17711 | D:11     | 17711 ||| Stepping ~*~*~tactically~*~*~ (stealth).
 17844 | D:11     | 17844 ||| Stepping ~*~*~tactically~*~*~ (stealth).
 18189 | D:11     | 18189 ||| READING scroll of teleportation.
 18190 | D:11     | 18190 ||| PLANNING D
 18207 | D:12     | 18207 ||| INVOKING Heroism.
 18251 | D:12     | 18251 ||| Stepping ~*~*~tactically~*~*~ (hiding).
 18254 | D:12     | 18254 ||| INVOKING Heroism.
 18257 | D:12     | 18257 ||| Stepping ~*~*~tactically~*~*~ (outnumbered).
 18258 | D:12     | 18258 ||| Stepping ~*~*~tactically~*~*~ (outnumbered).
 18341 | D:12     | 18341 ||| INVOKING Heroism.
 18357 | D:12     | 18357 ||| Stepping ~*~*~tactically~*~*~ (stealth).
 18364 | D:12     | 18364 ||| Stepping ~*~*~tactically~*~*~ (stealth).
 18367 | D:12     | 18367 ||| Stepping ~*~*~tactically~*~*~ (stealth).
 18369 | D:12     | 18369 ||| Stepping ~*~*~tactically~*~*~ (hiding).
 18383 | D:12     | Reached skill level 16 in Unarmed Combat
 18403 | D:12     | 18403 ||| Stepping ~*~*~tactically~*~*~ (stealth).
 18410 | D:12     | 18410 ||| Stepping ~*~*~tactically~*~*~ (hiding).
 18421 | D:12     | 18421 ||| INVOKING Heroism.
 18432 | D:12     | Noticed Sonja
 18443 | D:12     | Killed Sonja
 18547 | D:12     | 18547 ||| Stepping ~*~*~tactically~*~*~ (stealth).
 18548 | D:12     | 18548 ||| Stepping ~*~*~tactically~*~*~ (stealth).
 18549 | D:12     | 18549 ||| Stepping ~*~*~tactically~*~*~ (stealth).
 18550 | D:12     | 18550 ||| Stepping ~*~*~tactically~*~*~ (stealth).
 18551 | D:12     | 18551 ||| Stepping ~*~*~tactically~*~*~ (stealth).
 18552 | D:12     | 18552 ||| Stepping ~*~*~tactically~*~*~ (stealth).
 18563 | D:12     | 18563 ||| Stepping ~*~*~tactically~*~*~ (stealth).
 18650 | D:12     | 18650 ||| INVOKING Heroism.
 18984 | D:12     | Identified the +5 rapier of Anxiety {spect, rF+ rN++ SInv}
 19017 | D:12     | 19017 ||| DRINKING 2 orange potions.
 19066 | D:12     | 19066 ||| DROPPING potion of lignification.
 19112 | D:13     | 19112 ||| Stepping ~*~*~tactically~*~*~ (hiding).
 19114 | D:13     | 19114 ||| INVOKING Heroism.
 19125 | D:13     | 19125 ||| Stepping ~*~*~tactically~*~*~ (cloud).
 19236 | D:13     | 19236 ||| Stepping ~*~*~tactically~*~*~ (hiding).
 19247 | D:13     | Reached skill level 3 in Throwing
 19360 | D:13     | 19360 ||| INVOKING Heroism.
 19497 | D:13     | 19497 ||| Stepping ~*~*~tactically~*~*~ (hiding).
 19498 | D:13     | 19498 ||| Stepping ~*~*~tactically~*~*~ (hiding).
 19501 | D:13     | 19501 ||| INVOKING Heroism.
 19503 | D:13     | 19503 ||| Stepping ~*~*~tactically~*~*~ (hiding).
 19506 | D:13     | 19506 ||| Stepping ~*~*~tactically~*~*~ (hiding).
 19512 | D:13     | 19512 ||| Stepping ~*~*~tactically~*~*~ (outnumbered).
 19513 | D:13     | 19513 ||| Stepping ~*~*~tactically~*~*~ (outnumbered).
 19514 | D:13     | 19514 ||| Stepping ~*~*~tactically~*~*~ (outnumbered).
 19647 | D:13     | Found a gate to the Vaults.
 19923 | D:13     | Noticed a lich
 19923 | D:13     | Noticed Hacecig's ghost (journeyman MiBe)
 19924 | D:13     | Noticed a tengu reaver
 19925 | D:13     | Noticed Erolcha
 19926 | D:13     | 19926 ||| INVOKING Heroism.
 19927 | D:13     | 19927 ||| INVOKING Finesse.
 19931 | D:13     | Killed Erolcha
 19961 | D:13     | 19961 ||| Stepping ~*~*~tactically~*~*~ (stealth).
 19962 | D:13     | 19962 ||| Stepping ~*~*~tactically~*~*~ (stealth).
 19975 | D:13     | 19975 ||| Stepping ~*~*~tactically~*~*~ (stealth).
 20024 | D:13     | Found a runed translucent door.
 20037 | D:13     | Found a runed translucent door.
 20040 | D:13     | 20040 ||| Stepping ~*~*~tactically~*~*~ (stealth).
 20042 | D:13     | 20042 ||| Stepping ~*~*~tactically~*~*~ (hiding).
 20055 | D:13     | Reached XP level 15. HP: 121/140 MP: 21/21
 20338 | D:13     | 20338 ||| READING 11 scrolls of identify.
 20338 | D:13     | 20338 ||| IDENTIFYING inky potion
 20358 | D:14     | 20358 ||| INVOKING Heroism.
 20363 | D:14     | 20363 ||| INVOKING Finesse.
 20366 | D:14     | Received a gift from Okawaru
 20448 | D:14     | 20448 ||| Stepping ~*~*~tactically~*~*~ (stealth).
 20450 | D:14     | 20450 ||| Stepping ~*~*~tactically~*~*~ (stealth).
 20452 | D:14     | 20452 ||| INVOKING Heroism.
 20453 | D:14     | 20453 ||| INVOKING Finesse.
 20656 | D:14     | Reached skill level 6 in Throwing
 20737 | D:14     | 20737 ||| Stepping ~*~*~tactically~*~*~ (hiding).
 20873 | D:14     | 20873 ||| Stepping ~*~*~tactically~*~*~ (stealth).
 20882 | D:14     | 20882 ||| INVOKING Heroism.
 21076 | D:14     | 21076 ||| INVOKING Heroism.
 21077 | D:14     | 21077 ||| INVOKING Finesse.
 21089 | D:14     | Received a gift from Okawaru
 21090 | D:14     | Noticed a frost giant
 21094 | D:14     | Killed a frost giant
 21189 | D:14     | Identified the +0 leather armour of Vyxkamett {rC+ Slay+3
                  | Stlth+}
 21233 | D:14     | 21233 ||| Stepping ~*~*~tactically~*~*~ (hiding).
 21289 | D:14     | 21289 ||| Stepping ~*~*~tactically~*~*~ (stealth).
 21290 | D:14     | 21290 ||| Stepping ~*~*~tactically~*~*~ (stealth).
 21315 | D:14     | 21315 ||| Stepping ~*~*~tactically~*~*~ (stealth).
 21316 | D:14     | 21316 ||| Stepping ~*~*~tactically~*~*~ (stealth).
 21317 | D:14     | 21317 ||| Stepping ~*~*~tactically~*~*~ (stealth).
 21319 | D:14     | 21319 ||| Stepping ~*~*~tactically~*~*~ (stealth).
 21323 | D:14     | 21323 ||| INVOKING Heroism.
 21397 | D:14     | 21397 ||| FLEEEEING.
 21403 | D:14     | 21403 ||| FLEEEEING.
 21404 | D:14     | 21404 ||| FLEEEEING.
 21405 | D:14     | 21405 ||| FLEEEEING.
 21406 | D:14     | 21406 ||| FLEEEEING.
 21407 | D:14     | 21407 ||| FLEEEEING.
 21408 | D:14     | 21408 ||| FLEEEEING.
 21409 | D:14     | 21409 ||| FLEEEEING.
 21410 | D:14     | 21410 ||| FLEEEEING.
 21411 | D:14     | 21411 ||| FLEEEEING.
 21412 | D:14     | 21412 ||| FLEEEEING.
 21413 | D:14     | 21413 ||| FLEEEEING.
 21414 | D:14     | 21414 ||| FLEEEEING.
 21415 | D:14     | 21415 ||| FLEEEEING.
 21417 | D:14     | Noticed a tengu reaver
 21418 | D:14     | 21418 ||| INVOKING Heroism.
 21427 | D:14     | Killed a tengu reaver
 21566 | D:14     | 21566 ||| Stepping ~*~*~tactically~*~*~ (stealth).
 21861 | D:14     | 21861 ||| Stepping ~*~*~tactically~*~*~ (hiding).
 21927 | D:14     | 21927 ||| Stepping ~*~*~tactically~*~*~ (stealth).
 21928 | D:14     | 21928 ||| Stepping ~*~*~tactically~*~*~ (stealth).
 22249 | D:14     | 22249 ||| DROPPING +1 robe of willpower.
 22250 | D:14     | 22250 ||| UPGRADING to +0 troll leather armour.
 22285 | D:15     | Entered Level 15 of the Dungeon
 22291 | D:15     | 22291 ||| INVOKING Heroism.
 22292 | D:15     | 22292 ||| INVOKING Finesse.
 22294 | D:15     | Received a gift from Okawaru
 22422 | D:15     | 22422 ||| INVOKING Heroism.
 22428 | D:15     | 22428 ||| Stepping ~*~*~tactically~*~*~ (outnumbered).
 22431 | D:15     | 22431 ||| Stepping ~*~*~tactically~*~*~ (outnumbered).
 22432 | D:15     | 22432 ||| Stepping ~*~*~tactically~*~*~ (outnumbered).
 22433 | D:15     | 22433 ||| Stepping ~*~*~tactically~*~*~ (outnumbered).
 22434 | D:15     | 22434 ||| Stepping ~*~*~tactically~*~*~ (outnumbered).
 22435 | D:15     | 22435 ||| Stepping ~*~*~tactically~*~*~ (outnumbered).
 22439 | D:15     | 22439 ||| Stepping ~*~*~tactically~*~*~ (outnumbered).
 22441 | D:15     | 22441 ||| Stepping ~*~*~tactically~*~*~ (outnumbered).
 22442 | D:15     | 22442 ||| Stepping ~*~*~tactically~*~*~ (outnumbered).
 22444 | D:15     | 22444 ||| Stepping ~*~*~tactically~*~*~ (outnumbered).
 22448 | D:15     | 22448 ||| Stepping ~*~*~tactically~*~*~ (outnumbered).
 22452 | D:15     | 22452 ||| Stepping ~*~*~tactically~*~*~ (outnumbered).
 22453 | D:15     | 22453 ||| Stepping ~*~*~tactically~*~*~ (outnumbered).
 22455 | D:15     | 22455 ||| Stepping ~*~*~tactically~*~*~ (outnumbered).
 22528 | D:15     | 22528 ||| Stepping ~*~*~tactically~*~*~ (stealth).
 22529 | D:15     | 22529 ||| Stepping ~*~*~tactically~*~*~ (stealth).
 22531 | D:15     | 22531 ||| INVOKING Heroism.
 22728 | D:15     | 22728 ||| Stepping ~*~*~tactically~*~*~ (hiding).
 22732 | D:15     | 22732 ||| INVOKING Heroism.
 22737 | D:15     | Reached skill level 17 in Unarmed Combat
 22909 | D:15     | 22909 ||| INVOKING Heroism.
 22910 | D:15     | 22910 ||| INVOKING Finesse.
 22923 | D:15     | Received a gift from Okawaru
 23031 | D:15     | 23031 ||| FLEEEEING.
 23032 | D:15     | 23032 ||| FLEEEEING.
 23033 | D:15     | 23033 ||| FLEEEEING.
 23034 | D:15     | 23034 ||| FLEEEEING.
 23035 | D:15     | 23035 ||| FLEEEEING.
 23036 | D:15     | 23036 ||| FLEEEEING.
 23037 | D:15     | 23037 ||| FLEEEEING.
 23038 | D:15     | 23038 ||| FLEEEEING.
 23039 | D:15     | 23039 ||| FLEEEEING.
 23040 | D:15     | 23040 ||| FLEEEEING.
 23041 | D:15     | 23041 ||| FLEEEEING.
 23061 | D:15     | 23061 ||| FLEEEEING.
 23062 | D:15     | 23062 ||| FLEEEEING.
 23063 | D:15     | 23063 ||| FLEEEEING.
 23064 | D:15     | 23064 ||| FLEEEEING.
 23065 | D:15     | 23065 ||| STAIRDANCE
 23115 | D:15     | Found a staircase to the Depths.
 23116 | D:15     | 23116 ||| INVOKING Heroism.
 23246 | D:15     | 23246 ||| PLANNING ORC
 23367 | Orc:1    | Entered Level 1 of the Orcish Mines
 23367 | Orc:1    | Found Wruamm's Whimsical Warehouse.
 23370 | Orc:1    | 23370 ||| Stepping ~*~*~tactically~*~*~ (stealth).
 23371 | Orc:1    | 23371 ||| INVOKING Heroism.
 23377 | Orc:1    | 23377 ||| Stepping ~*~*~tactically~*~*~ (outnumbered).
 23378 | Orc:1    | 23378 ||| Stepping ~*~*~tactically~*~*~ (outnumbered).
 23379 | Orc:1    | 23379 ||| Stepping ~*~*~tactically~*~*~ (outnumbered).
 23380 | Orc:1    | 23380 ||| Stepping ~*~*~tactically~*~*~ (outnumbered).
 23381 | Orc:1    | 23381 ||| Stepping ~*~*~tactically~*~*~ (outnumbered).
 23401 | Orc:1    | 23401 ||| Stepping ~*~*~tactically~*~*~ (outnumbered).
 23402 | Orc:1    | 23402 ||| Stepping ~*~*~tactically~*~*~ (outnumbered).
 23403 | Orc:1    | 23403 ||| Stepping ~*~*~tactically~*~*~ (outnumbered).
 23405 | Orc:1    | 23405 ||| Stepping ~*~*~tactically~*~*~ (outnumbered).
 23406 | Orc:1    | 23406 ||| Stepping ~*~*~tactically~*~*~ (outnumbered).
 23407 | Orc:1    | 23407 ||| Stepping ~*~*~tactically~*~*~ (outnumbered).
 23549 | Orc:1    | 23549 ||| BUYING ring of willpower (325 gold).
 23549 | Orc:1    | Bought a ring of willpower for 325 gold pieces
 23609 | Orc:2    | Entered Level 2 of the Orcish Mines
 23616 | Orc:2    | 23616 ||| Stepping ~*~*~tactically~*~*~ (stealth).
 23618 | Orc:2    | 23618 ||| INVOKING Heroism.
 23623 | Orc:2    | 23623 ||| Stepping ~*~*~tactically~*~*~ (outnumbered).
 23624 | Orc:2    | 23624 ||| Stepping ~*~*~tactically~*~*~ (outnumbered).
 23628 | Orc:2    | 23628 ||| Stepping ~*~*~tactically~*~*~ (outnumbered).
 23629 | Orc:2    | 23629 ||| Stepping ~*~*~tactically~*~*~ (outnumbered).
 23630 | Orc:2    | 23630 ||| Stepping ~*~*~tactically~*~*~ (outnumbered).
 23641 | Orc:2    | 23641 ||| Stepping ~*~*~tactically~*~*~ (outnumbered).
 23642 | Orc:2    | 23642 ||| Stepping ~*~*~tactically~*~*~ (outnumbered).
 23656 | Orc:2    | 23656 ||| INVOKING Heroism.
 23656 | Orc:2    | HP: 34/140 [orc priest/nerve-wracking pain (13)]
 23657 | Orc:2    | 23657 ||| READING 4 scrolls of teleportation.
 23658 | Orc:2    | 23658 ||| DRINKING 6 potions of heal wounds.
 23720 | Orc:2    | 23720 ||| Stepping ~*~*~tactically~*~*~ (stealth).
 23728 | Orc:2    | 23728 ||| Stepping ~*~*~tactically~*~*~ (stealth).
 23729 | Orc:2    | 23729 ||| Stepping ~*~*~tactically~*~*~ (stealth).
 23734 | Orc:2    | 23734 ||| INVOKING Heroism.
 23761 | Orc:2    | Noticed an orc warlord
 23762 | Orc:2    | 23762 ||| INVOKING Finesse.
 23772 | Orc:2    | Killed an orc warlord
 23845 | Orc:2    | 23845 ||| Stepping ~*~*~tactically~*~*~ (hiding).
 23846 | Orc:2    | 23846 ||| Stepping ~*~*~tactically~*~*~ (hiding).
 23851 | Orc:2    | 23851 ||| INVOKING Heroism.
 23864 | Orc:2    | 23864 ||| Stepping ~*~*~tactically~*~*~ (hiding).
 23869 | Orc:2    | Paralysed by an orc sorcerer for 5 turns
 23890 | Orc:2    | 23890 ||| Stepping ~*~*~tactically~*~*~ (hiding).
 23894 | Orc:2    | 23894 ||| Stepping ~*~*~tactically~*~*~ (hiding).
 23910 | Orc:2    | 23910 ||| Stepping ~*~*~tactically~*~*~ (stealth).
 23911 | Orc:2    | 23911 ||| Stepping ~*~*~tactically~*~*~ (hiding).
 23912 | Orc:2    | 23912 ||| Stepping ~*~*~tactically~*~*~ (hiding).
 23927 | Orc:2    | 23927 ||| Stepping ~*~*~tactically~*~*~ (outnumbered).
 23951 | Orc:2    | 23951 ||| INVOKING Heroism.
 23961 | Orc:2    | 23961 ||| Stepping ~*~*~tactically~*~*~ (outnumbered).
 23965 | Orc:2    | 23965 ||| Stepping ~*~*~tactically~*~*~ (outnumbered).
 23984 | Orc:2    | HP: 30/140 [orc priest/divine providence (7)]
 23985 | Orc:2    | 23985 ||| READING 3 scrolls of teleportation.
 23986 | Orc:2    | 23986 ||| DRINKING 5 potions of heal wounds.
 23988 | Orc:2    | Found a staircase to the Elven Halls.
 23990 | Orc:2    | 23990 ||| FLEEEEING.
 23998 | Orc:2    | 23998 ||| INVOKING Finesse.
 24002 | Orc:2    | 24002 ||| Stepping ~*~*~tactically~*~*~ (outnumbered).
 24007 | Orc:2    | HP: 33/140 [sun demon[an orc high priest] (17)]
 24008 | Orc:2    | 24008 ||| READING 2 scrolls of teleportation.
 24008 | Orc:2    | HP: 1/140 [sun demon[an orc high priest] (22)]
 24008 | Orc:2    | Mangled by a sun demon

Levels and vault maps discovered:
D:1:      shiori_arrival_whats_in_store_for_you, layout_basic,
          shapermc_ecumenical_altar_acropolis, lexackson_kobold_supper
D:2:      layout_loops_ring, serial_shops, nicolae_shop_crystal,
          minmay_misc_feat_four_crosses, uniq_crazy_yiuf_cottage, uniq_jessica
D:3:      layout_basic, tso_metal_star, overflow_temple_1_default,
          mainiacjoe_overflow_surrounded_room, serial_shops,
          nicolae_shop_bloodbath_and_beyond, ebering_ghost_rock_garden,
          uniq_grinder, uniq_natasha, uniq_ijyb
D:4:      layout_loops_ring
D:5:      layout_cave_pods, enter_ossuary_5, minmay_misc_feat_more_columns
D:6:      layout_basic, makhleb_grotto_becter, lemuel_coloured_pillars_altar,
          patterned_corridor
D:7:      layout_basic, minmay_temple_entry_hall, serial_shops,
          kennysheep_little_box
D:8:      layout_basic, lair_entry_dummy, serial_undead, serial_undead_c,
          serial_undead_f, serial_undead_a, serial_undead_c, serial_undead_a,
          serial_undead_f, minmay_misc_feat_chi, roderic_serpentine_path
D:9:      layout_roguey, nicolae_ru_path_of_blood, nicolae_vehumet_radiance,
          grunt_temple_overflow_open, enter_bailey_6, uniq_psyche, uniq_grum
D:10:     layout_roguey, special_room [special_room_orc]
D:11:     layout_basic, erik_orc_1
D:12:     layout_rooms, serial_bayou_pond_b, hangedman_abyss_or_decor_passed,
          minmay_radiant, uniq_sonja
D:13:     layout_loops_corners, hangedman_vaults_entry_quadrant_bands,
          muffindrake_ghost_dual_entry, uniq_erolcha
D:14:     minmay_chopped_fan, layout_basic, nicolae_figureground_sparkle
D:15:     grunt_enter_depths_snipers, layout_irregular_city
Temple:   nicolae_temple_ecumenical_triangle
Lair:1:   gammafunk_worm_tunnel, layout_loops_ring, serial_bayou_shore_a,
          uniq_harold
Lair:2:   layout_gridlike
Lair:3:   layout_gridlike, swamp_mist, minmay_snake_entry_six_corridors,
          enter_volcano_4, gammafunk_ghost_grave
Lair:4:   layout_cave_pods, basic_altar, portal_ice_cave_rime,
          serial_bayou_pond_a, roderic_batcave, uniq_rupert
Lair:5:   hellmonk_lair_end_abyssal_woods, layout_hall_layers,
          nicolae_slime_entry_slimehenge, basic_altar, grunt_megastairs_1
Orc:1:    layout_diamond_mine, nicolae_alphabet_shops, uniq_snorg
Orc:2:    st_orc_congregation, layout_caves

Skill      XL: |  1  2  3  4  5  6  7  8  9 10 11 12 13 14 15 |
---------------+----------------------------------------------+-----
Unarmed Combat | 4 5 7 8 9 11 12 14 15 16 17 | 17.2
Fighting       | 3 4 5 6 7 |  7.0
Dodging        | 1 2 |  2.2
Shields        | 3 9 12 14 15 16 | 16.0
Throwing       | 1 5 7 |  7.1
Armour         | 1 2 |  2.1
Invocations    | 4 8 10 | 10.0
Spellcasting   | |  1.0
Fire Magic     | |  2.1

Action                   |  1- 3 |  4- 6 |  7- 9 | 10-12 | 13-15 || total
-------------------------+-------+-------+-------+-------+-------++-------
Melee: Unarmed           |   116 |   104 |   312 |   567 |  1247 ||  2346
       Punch             |       |       |    13 |       |       ||    13
Throw: Boomerang         |       |       |       |    91 |     2 ||    93
       Large rock        |       |       |       |       |    56 ||    56
Invok: Fiery Armour      |       |     1 |     2 |     9 |       ||    12
       Heroism           |       |       |       |     9 |    67 ||    76
       Finesse           |       |       |       |       |    12 ||    12
  Use: Scroll            |     2 |     3 |    14 |    11 |    10 ||    40
       Potion            |       |       |     4 |     1 |     6 ||    11
 Stab: Distracted        |       |       |       |       |     1 ||     1
       Sleeping          |       |       |       |       |     1 ||     1
Armor: Robe              |    39 |    20 |    81 |   170 |   127 ||   437
       Skin              |       |       |       |       |     1 ||     1
       Troll leather arm |       |       |       |       |    46 ||    46
Dodge: Dodged            |    46 |    20 |    82 |   113 |   160 ||   421
Block: Other             |     3 |    13 |    47 |       |       ||    63
       Reflection        |       |       |     4 |     3 |    59 ||    66
       Tower shield      |       |       |     8 |   583 |  1068 ||  1659

Table legend:
 A = Non-vault XP
 B = Vault XP
 C = Vault XP percentage of total XP
 D = Non-vault monster count
 E = Vault monster count
 F = Vault count percentage of total count
                 A         B        C        D         E       F
            +---------+---------+-------+---------+---------+-------
      Total |  101018 |   47407 |  31.9 |     477 |     251 |  34.5
            +---------+---------+-------+---------+---------+-------
        D:1 |      39 |      12 |  23.5 |      24 |       8 |  25.0
        D:2 |     118 |      37 |  23.9 |      23 |       1 |   4.2
        D:3 |     186 |     349 |  65.2 |      23 |       3 |  11.5
        D:4 |     328 |       0 |   0.0 |      10 |       0 |   0.0
        D:5 |     611 |       0 |   0.0 |      13 |       0 |   0.0
        D:6 |    1746 |      50 |   2.8 |      27 |       1 |   3.6
        D:7 |    1640 |      74 |   4.3 |      24 |       1 |   4.0
        D:8 |     848 |     953 |  52.9 |      13 |      13 |  50.0
        D:9 |    2673 |    1052 |  28.2 |      22 |       6 |  21.4
       D:10 |    1835 |     506 |  21.6 |      17 |      24 |  58.5
       D:11 |    2587 |     567 |  18.0 |      13 |      17 |  56.7
       D:12 |    5898 |    2370 |  28.7 |      26 |       4 |  13.3
       D:13 |    5820 |    4697 |  44.7 |      12 |      17 |  58.6
       D:14 |    9105 |    9433 |  50.9 |      21 |      12 |  36.4
       D:15 |   14597 |    2673 |  15.5 |      30 |       3 |   9.1
     Lair:1 |    4181 |     860 |  17.1 |      18 |       1 |   5.3
     Lair:2 |    7649 |       0 |   0.0 |      27 |       0 |   0.0
     Lair:3 |    6834 |    2669 |  28.1 |      27 |      10 |  27.0
     Lair:4 |   10198 |    2886 |  22.1 |      30 |      12 |  28.6
     Lair:5 |    8971 |   12098 |  57.4 |      23 |      44 |  65.7
      Orc:1 |    1875 |       0 |   0.0 |      18 |       0 |   0.0
      Orc:2 |    1786 |    5885 |  76.7 |      11 |      36 |  76.6
    Abyss:1 |   11493 |       0 |   0.0 |      25 |       0 |   0.0
    Ossuary |       0 |     236 | 100.0 |       0 |      38 | 100.0
            +---------+---------+-------+---------+---------+-------
